 Dungeon Crawl Stone Soup version 0.22-a0-772-gac08f70 (webtiles) character file.

789 Mamutox the Ruffian (level 7, -1/61 HPs)
             Began as a Troll Transmuter on July 18, 2018.
             Was an Initiate of the Shining One.
             Slain by Prince Ribbit (2 damage)
             ... on level 5 of the Dungeon.
             The game lasted 00:13:52 (4647 turns).

Mamutox the Ruffian (Troll Transmuter)              Turns: 4647, Time: 00:13:53

Health: -1/61      AC:  6    Str: 19    XL:     7   Next: 56%
Magic:  6/7        EV: 14    Int:  9    God:    the Shining One [......]
Gold:   236        SH:  0    Dex: 12    Spells: 5/8 levels left

rFire    . . .     SeeInvis .     - Unarmed
rCold    . . .     Gourm    +   (no shield)
rNeg     . . .     Faith    +   w - +1 animal skin
rPois    .         Spirit   .   (helmet restricted)
rElec    .         Reflect  .   (no cloak)
rCorr    .         Harm     .   (gloves unavailable)
MR       .....                  (boots unavailable)
Stlth    +.........             m - amulet of faith
HPRegen  0.60/turn              c - ring of wizardry
MPRegen  0.10/turn              u - +4 ring of evasion

@: appendage (expiring), glowing
A: large, unfitting armour, claws 3, horns 2, fast metabolism 3, gourmand,
regeneration 1, shaggy fur 1, tough skin 2
a: End Transformation, Renounce Religion


You were on level 5 of the Dungeon.
You worshipped the Shining One.
The Shining One was noncommittal.
You were not hungry.
You had grown temporary horns.
You visited 2 branches of the dungeon, and saw 6 of its levels.

You collected 236 gold pieces.

Inventory:

Missiles
 a - 85 arrows
Armour
 w - a +1 animal skin (worn)
Jewellery
 c - a ring of wizardry (left claw)
 m - an amulet of faith (around neck)
 u - a +4 ring of evasion (right claw)
Wands
 v - a wand of flame (18)
Scrolls
 e - a scroll of enchant weapon {unknown}
 k - a scroll of noise
 l - 4 scrolls of teleportation {unknown}
 n - a scroll of immolation {unknown}
 q - 5 scrolls of remove curse {unknown}
 t - 2 scrolls of fear {unknown}
Potions
 f - 2 potions of berserk rage
 g - 4 potions of curing
 h - 2 potions of cancellation {unknown}
 i - a potion of agility
 j - 2 potions of invisibility
 o - a potion of resistance
 p - a potion of ambrosia {unknown}
 r - a potion of brilliance {unknown}
Comestibles
 d - 10 rations


   Skills:
 - Level 0.7 Fighting
 - Level 1.5 Dodging
 - Level 1.1 Stealth
 * Level 7.9 Unarmed Combat
 - Level 1.2 Spellcasting
 + Level 3.0 Transmutations


You had 5 spell levels left.
You knew the following spells:

 Your Spells              Type           Power        Failure   Level  Hunger
a - Beastly Appendage     Tmut           #.....       4%          1    ##.....
b - Sticks to Snakes      Tmut           #.......     6%          2    ###....

Your spell library contained the following spells:

 Spells                   Type           Power        Failure   Level  Hunger
 Spider Form              Tmut/Pois      #.........   22%         3    ####...
 Blade Hands              Tmut           #.........   71%         5    ######.
 Ice Form                 Ice/Tmut       #.......     56%         4    #####..


Dungeon Overview and Level Annotations

Branches:
Dungeon (5/15)             Temple (1/1) D:5

Altars:
Cheibriados
Elyvilon
Fedhas
Gozag
Hepliaklqana
Makhleb
Nemelex Xobeh
Okawaru
Qazlal
Ru
Trog
Uskayaw
Vehumet
Wu Jian
Xom
The Shining One

Annotations:
D:5 Prince Ribbit


Innate Abilities, Weirdness & Mutations

You are too large for most types of armour.
You have claws for hands.
Your metabolism is lightning-fast.
You like to eat raw meat.
Your natural rate of healing is unusually fast.
You are covered in fur. (AC +1)
You have very tough skin. (AC +2)
You have a pair of horns on your head.


Message History

Prince Ribbit is moderately wounded.
Prince Ribbit closely misses you. Prince Ribbit misses you.
You barely miss Prince Ribbit.
Prince Ribbit is moderately wounded.
Prince Ribbit hits you!
You barely miss Prince Ribbit. Your headbutt misses Prince Ribbit.
Prince Ribbit is moderately wounded.
Your transformation is almost over.
Prince Ribbit lets out a mournful croak.
Prince Ribbit hits you!
* * * LOW HITPOINT WARNING * * *
Prince Ribbit hits you!
* * * LOW HITPOINT WARNING * * *
You feel better. Prince Ribbit hits you!
* * * LOW HITPOINT WARNING * * *
Unknown command.
As you read the scroll labeled QIZETUIPNE, it crumbles to dust.
You hear a loud clanging noise!
It was a scroll of noise.
Prince Ribbit hits you.
You die...

#.###############.#..#
#..............)....##
#######################
#...................#
#.#################.#
#.#......<....... #.#
#................ #.#
###################.#
#...F@...........>#
#.####################
#.....................
######################
# #


You could see Prince Ribbit.

Vanquished Creatures
  An ogre (D:4)
  A howler monkey (D:5)
  4 wights (D:2)
  2 crimson imps (D:5)
  A hound (D:5)
  A bullfrog skeleton (D:5)
  A gnoll shaman (D:4)
  An orc wizard (D:3)
  3 worker ants
  A killer bee zombie (D:5)
  Robin (D:3)
  6 adders
  3 gnolls (D:4)
  2 oozes
  2 worms
  An adder skeleton (D:5)
  5 dart slugs
  A leopard gecko (D:1)
  13 orcs
  5 giant cockroaches
  6 hobgoblins
  2 jackals (D:1)
  4 bats
  5 frilled lizards
  21 goblins
  8 kobolds
  A leopard gecko zombie (D:4)
  A quokka zombie (D:5)
  8 rats
111 creatures vanquished.

Notes
Turn   | Place    | Note
-------+----------+-------------------------------------------
     0 | D:1      | Mamutox the Troll Transmuter began the quest for the Orb.
     0 | D:1      | Reached XP level 1. HP: 18/18 MP: 1/1
   335 | D:1      | Reached XP level 2. HP: 23/26 MP: 2/2
   644 | D:1      | Reached skill level 4 in Unarmed Combat
   763 | D:1      | Reached XP level 3. HP: 30/32 MP: 3/3
   871 | D:1      | Learned a level 2 spell: Sticks to Snakes
  1267 | D:2      | Reached XP level 4. HP: 40/40 MP: 4/4
  1399 | D:2      | Reached skill level 5 in Unarmed Combat
  1443 | D:2      | Reached XP level 5. HP: 22/46 MP: 5/5
  1525 | D:2      | Reached skill level 1 in Stealth
  1525 | D:2      | Reached skill level 6 in Unarmed Combat
  2388 | D:3      | Reached XP level 6. HP: 27/54 MP: 6/6
  2487 | D:3      | Noticed Robin
  2518 | D:3      | Killed Robin
  2962 | D:3      | Found an ornate altar of the Wu Jian Council.
  3331 | D:4      | Reached skill level 7 in Unarmed Combat
  3337 | D:4      | Found a bloodstained altar of Trog.
  3490 | D:4      | Reached XP level 7. HP: 61/61 MP: 7/7
  3573 | D:4      | Found a blossoming altar of Fedhas.
  3591 | D:4      | Found a radiant altar of Vehumet.
  3607 | D:4      | Found an opulent altar of Gozag.
  3645 | D:4      | Found a snail-covered altar of Cheibriados.
  3800 | D:5      | Entered Level 5 of the Dungeon
  3873 | D:5      | Found a burning altar of Makhleb.
  3926 | D:5      | Found a staircase to the Ecumenical Temple.
  3937 | Temple   | Entered the Ecumenical Temple
  3973 | Temple   | Became a worshipper of the Shining One
  4317 | D:5      | Noticed Prince Ribbit
  4645 | D:5      | HP: 3/61 [Prince Ribbit (13)]
  4646 | D:5      | HP: 1/61 [Prince Ribbit (11)]
  4647 | D:5      | Slain by Prince Ribbit

Vault maps used:
D:1:      dpeg_arrival_rooms_a
D:3:      overflow_temple_1_default, first_ration, uniq_robin
D:4:      nicolae_overflow_quartered_altars, grunt_gozag_breadcrumbs
D:5:      lemuel_crystal_altar, minmay_temple_entry_grid, grunt_ministairs_13,
          minivault_24, uniq_prince_ribbit1
Temple:   regret_index_temple_waves

Skill      XL: |  1  2  3  4  5  6  7 |
---------------+----------------------+-----
Unarmed Combat | 4 5 6 7 |  7.9
Stealth        | 1 |  1.1
Transmutations | 2 3 |  3.0
Fighting       | |  0.7
Dodging        | |  1.5
Spellcasting   | |  1.2

Action                   |  1- 3 |  4- 6 |  7- 9 || total
-------------------------+-------+-------+-------++-------
Melee: Unarmed           |    70 |   169 |    68 ||   307
       Punch             |     1 |     6 |       ||     7
 Cast: Beastly Appendage |     2 |       |     2 ||     4
  Use: Scroll            |       |     6 |     1 ||     7
       Potion            |       |       |     1 ||     1
 Stab: Sleeping          |     3 |     3 |       ||     6
  Eat: Chunk             |    17 |    20 |     6 ||    43
Armor: Robe              |    29 |    23 |       ||    52
       Animal skin       |       |     7 |    11 ||    18
Dodge: Dodged            |    32 |    87 |    39 ||   158

Table legend:
 A = Spawn XP
 B = Non-spawn XP
 C = Spawn XP percentage of total XP
 D = Spawn monster count
 E = Non-spawn monster count
 F = Spawn count percentage of total count
 G = Total turns spent on level
                    A         B        C        D         E        F      G
               +---------+---------+-------+---------+---------+-------+---------
         Total |       0 |    1128 |   0.0 |       0 |     111 |   0.0 |  4647
               +---------+---------+-------+---------+---------+-------+---------
           D:1 |       0 |      50 |   0.0 |       0 |      25 |   0.0 |  1066
           D:2 |       0 |     318 |   0.0 |       0 |      25 |   0.0 |  1158
           D:3 |       0 |     112 |   0.0 |       0 |      31 |   0.0 |   761
           D:4 |       0 |     317 |   0.0 |       0 |      18 |   0.0 |   815
           D:5 |       0 |     331 |   0.0 |       0 |      12 |   0.0 |   777
               +---------+---------+-------+---------+---------+-------+---------
